 Dungeon Crawl Stone Soup version 0.27.1-33-g824d729ab1 (webtiles) character file.

Game seed: 13860287435233861534

133 lonewolfV2 the Covered (level 4, -3/35 HPs)
             Began as a Demonspawn Fighter on Dec 15, 2021.
             Killed by divine providence
             ... invoked by an orc priest
              (8 damage)
             ... on level 4 of the Dungeon.
             The game lasted 00:04:41 (2912 turns).

lonewolfV2 the Covered (Demonspawn Fighter)         Turns: 2912, Time: 00:04:42

Health: -3/35      AC:  6    Str: 18    XL:     4   Next: 93%
Magic:  4/4        EV:  7    Int:  9    God:
Gold:   111        SH:  0    Dex: 12    Spells: 3/3 levels left

rFire    + . .     SeeInvis .   e - +1 dagger (flame)
rCold    . . .     Faith    .   c - +0 kite shield
rNeg     . . .     Spirit   .   b - +0 scale mail
rPois    .         Reflect  .   (no helmet)
rElec    .         Harm     .   j - scarf {+Inv}
rCorr    +         Rampage  .   (no gloves)
Will     .....                  (no boots)
Stlth    ..........             (no amulet)
HPRegen  0.11/turn              f - ring of protection from fire
MPRegen  0.09/turn              i - ring of resist corrosion

@: confused, mighty
A: spiny 1, demonic magic 1
a: Evoke Invisibility


You were on level 4 of the Dungeon.
You visited 1 branch of the dungeon, and saw 4 of its levels.

You collected 111 gold pieces.

Inventory:

Hand Weapons
 a - a +0 flail
 e - a +1 dagger of flaming (weapon)
Armour
 b - a +0 scale mail (worn)
 c - a +0 kite shield (worn)
 j - a scarf of invisibility (worn)
Jewellery
 f - a ring of protection from fire (left hand)
 i - a ring of resist corrosion (right hand)
Scrolls
 k - a scroll of noise
Potions
 g - a potion of mutation {unknown}
 h - a potion of berserk rage {unknown}


   Skills:
 + Level 3.2 Fighting
 + Level 0.8 Short Blades
 + Level 2.7 Maces & Flails
 + Level 3.5 Armour
 + Level 1.1 Dodging
 + Level 3.3 Shields


You had 3 spell levels left.
You didn't know any spells.
Your spell library was empty.

Dungeon Overview and Level Annotations

Branches:
Dungeon (4/15)
 Temple: D:4-7

Altars:


Innate Abilities, Weirdness & Mutations

You are partially covered in sharp spines.
Spells you cast may paralyse adjacent enemies.


Message History

You hit the orc wizard but do no damage.
The orc wizard is moderately wounded.
The iguana bites you but does no damage.
The orc wizard hits you but does no damage.
You hit the orc. You burn the orc.
The orc is moderately wounded.
The orc hits you but does no damage. The iguana bites you!
The orc wizard casts a spell at you. The magic dart hits you.
* * * LOW HITPOINT WARNING * * *
The iguana bites you but does no damage.
You block the orc's attack.
You feel very mighty all of a sudden.
The orc wizard hits you but does no damage.
An orc priest comes into view. It is wielding a +0 dagger.
The iguana barely misses you. You block the orc's attack.
The orc priest shouts!
You hit the orc. You burn the orc.
The orc is severely wounded.
The orc wizard is struck by your spines.
The orc wizard barely misses you. You block the orc's attack.
The iguana is struck by your spines. The iguana barely misses you.
The orc wizard casts a spell at you.
You are confused.
You hear a shout!
You're too confused to move!
A goblin comes into view. It is wielding a +0 dagger.
The orc barely misses you. The iguana barely misses you.
The orc wizard hits you with a +0 dagger.
* * * LOW HITPOINT WARNING * * *
You bump into the rock wall.
The orc priest miscasts a cantrip.
The orc hits you but does no damage. The iguana closely misses you.
The orc wizard is struck by your spines.
The orc wizard hits you but does no damage.
You closely miss the orc wizard.
The orc wizard is heavily wounded.
The orc priest calls down the wrath of Beogh upon you.
Beogh smites you!
You die...

#..............>#
#.....<#####.##.#
#....#.# #.##.#
....##.# #.##.#
....##.. ..##.#
....##### ####.#
###+# ####.#####
#...lo...#
#.###@##.# # #o#
# #o#


go. ### You could see an iguana, an orc priest, an orc wizard, 2 orcs and a
goblin.

Vanquished Creatures
  Jessica (D:2)
  2 adders
  A worm (D:3)
  4 dart slugs
  4 orcs
  2 bats
  9 endoplasms
  4 giant cockroaches (D:1)
  2 goblins
  6 hobgoblins
  2 jackals (D:3)
  4 quokkas
  8 ball pythons
  5 frilled lizards
  6 kobolds
  8 rats
  A spectral kobold (D:2)
69 creatures vanquished.

Vanquished Creatures (others)
  A bat (D:1)
1 creature vanquished.

Grand Total: 70 creatures vanquished

Notes
Turn   | Place    | Note
-------+----------+-------------------------------------------
     0 | D:1      | lonewolfV2 the Demonspawn Fighter began the quest for the
                  | Orb.
     0 | D:1      | Reached XP level 1. HP: 18/18 MP: 1/1
   210 | D:1      | Gained mutation: You are partially covered in sharp spines.
                  | [demonic ancestry]
   210 | D:1      | Reached XP level 2. HP: 24/24 MP: 2/2
   679 | D:1      | Reached XP level 3. HP: 25/29 MP: 3/3
  1313 | D:2      | Noticed Jessica
  1319 | D:2      | Killed Jessica
  1320 | D:2      | Gained mutation: Spells you cast may paralyse adjacent
                  | enemies. [demonic ancestry]
  1320 | D:2      | Reached XP level 4. HP: 20/35 MP: 4/4
  1471 | D:2      | Found a faded altar of an unknown god.
  2112 | D:3      | Reached skill level 1 in Dodging
  2912 | D:4      | Killed from afar by an orc priest

Illustrated notes

Levels and vault maps discovered:
D:1:      onia_arrival_handbag, layout_basic, minmay_misc_feat_enclosed,
          minmay_tetromino_o4
D:2:      layout_basic, dreamdust_ecumenical_altar_drowned_temple, uniq_jessica
D:3:      layout_loops_cross
D:4:      layout_loops_corners, temple_hall

Skill      XL: |  1  2  3  4 |
---------------+-------------+-----
Shields        | 3 |  3.3
Maces & Flails | 2 |  2.7
Armour         | 3 |  3.5
Dodging        | 1 |  1.1
Fighting       | |  3.2
Short Blades   | |  0.8

Action                   |  1- 3 |  4- 6 || total
-------------------------+-------+-------++-------
Melee: Flail             |    46 |       ||    46
       Dagger            |    33 |    81 ||   114
  Use: Scroll            |       |     3 ||     3
       Potion            |       |     1 ||     1
Armor: Scale mail        |    40 |    37 ||    77
Dodge: Dodged            |    27 |    34 ||    61
Block: Kite shield       |    61 |    54 ||   115
